Map: Goldene Säulen LE

Players

Grubenhubert - Winner!

  • Race: Protoss Protoss
  • League: Diamond
  • Spawn Location: 7:00

Hydropic

  • Race: Zerg Zerg
  • League: Diamond
  • Spawn Location: 1:00

VOD

Have the link to the VOD?

Description

Time

  • Played on: Feb. 1, 2021, 9:58 a.m.
  • Length: 26:36
Show
View Real Time Build Order
Export as new Build Order

Grubenhubert Protoss - Winner!

Build Orders: 1 Gate Expand, Carriers 

Get SALT Encoding   

  12  0:00  Probe  
  13  0:12  Probe  
  14  0:20  Pylon  
  14  0:24  Probe  
  15  0:38  Probe (Chrono Boost)  
  15  0:42  Gateway  
  16  0:49  Probe (Chrono Boost)  
  17  0:50  Assimilator  
  17  0:55  Assimilator  
  17  0:57  Probe  
  18  1:09  Probe  
  19  1:21  Probe  
  20  1:32  Nexus  
  20  1:42  Probe (Chrono Boost)  
  21  1:49  Cybernetics Core  
  21  1:51  Probe (Chrono Boost)  
  22  1:57  Probe  
  23  2:05  Pylon  
  23  2:23  Probe  
  23  2:26  Adept (Chrono Boost), Stargate  
  26  2:32  Warp Gate  
  26  2:35  Probe (Chrono Boost)  
  27  2:48  Probe (Chrono Boost)  
  27  2:49  Probe (Chrono Boost)  
  29  2:56  Probe (Chrono Boost)  
  29  2:58  Probe (Chrono Boost), Gateway  
  31  3:00  Adept  
  31  3:04  Probe  
  31  3:05  Void Ray (Chrono Boost)  
  34  3:08  Probe  
  35  3:17  Probe  
  40  3:20  Probe  
  41  3:29  Probe  
  41  3:33  Probe  
  41  3:34  Pylon  
  43  3:41  Probe  
  44  3:45  Probe  
  44  3:46  Void Ray  
  45  3:49  Pylon  
  49  3:56  Probe  
  49  3:57  Probe  
  51  4:04  Stargate  
  51  4:08  Probe  
  51  4:09  Probe  
  53  4:21  Nexus  
  53  4:25  Pylon  
  53  4:26  Void Ray  
  53  4:28  Adept  
  55  4:34  Assimilator  
  59  4:38  Assimilator  
  59  4:42  Probe (Chrono Boost)  
  59  4:44  Probe (Chrono Boost)  
  62  4:54  Probe (Chrono Boost)  
  62  4:55  Void Ray  
  62  4:59  Probe (Chrono Boost)  
  63  5:00  Probe (Chrono Boost)  
  68  5:08  Probe (Chrono Boost)  
  69  5:21  Probe (Chrono Boost)  
  70  5:27  Void Ray (Chrono Boost)  
  70  5:31  Probe x2 (Chrono Boost)  
  77  5:42  Probe (Chrono Boost)  
  77  5:46  Probe x2 (Chrono Boost)  
  79  5:53  Pylon  
  79  5:54  Probe (Chrono Boost)  
  79  5:56  Probe (Chrono Boost)  
  82  5:58  Twilight Council, Probe (Chrono Boost)  
  82  5:59  Probe (Chrono Boost)  
  82  6:01  Forge, Pylon, Probe (Chrono Boost)  
  82  6:02  Pylon  
  84  6:04  Void Ray (Chrono Boost)  
  84  6:07  Gateway, Probe  
  84  6:10  Gateway  
  89  6:12  Void Ray (Chrono Boost)  
  89  6:15  Assimilator  
  93  6:19  Assimilator, Probe x3  
  93  6:21  Zealot  
  93  6:23  Zealot  
  93  6:24  Pylon  
  100  6:30  Pylon  
  100  6:31  Probe x3  
  103  6:32  Charge (Chrono Boost)  
  103  6:40  Templar Archives  
  103  6:41  Pylon  
  103  6:43  Probe x3  
  103  6:44  Zealot  
  103  6:45  Zealot  
  110  6:55  Probe  
  111  7:01  Psionic Storm  
  111  7:05  Gateway  
  111  7:07  Gateway  
  111  7:08  Void Ray x2  
  111  7:10  Gateway  
  119  7:20  High Templar  
  121  7:30  High Templar  
  123  7:48  Nexus  
  123  7:53  Nexus  
  123  7:55  Pylon  
  123  7:59  Pylon  
  123  8:02  Pylon  
  123  8:06  Protoss Ground Weapons Level 1 (Chrono Boost)  
  123  8:11  Void Ray x2  
  123  8:14  Pylon  
  123  8:16  Pylon  
  123  8:18  Pylon  
  123  8:19  Shield Battery  
  131  8:20  Shield Battery  
  131  8:22  Photon Cannon  
  131  8:27  Photon Cannon  
  131  8:29  Photon Cannon, Probe  
  131  8:30  Probe  
  131  8:32  Gateway x2  
  131  8:33  High Templar x2  
  137  8:41  Zealot x3  
  139  8:42  Probe x2  
  145  8:49  High Templar  
  145  8:50  High Templar  
  149  9:38  Zealot  
  149  9:39  Zealot x6  
  149  9:40  Probe x2  
  149  9:45  Assimilator  
  165  9:48  Assimilator  
  165  9:49  Probe x2  
  168  9:52  Probe  
  168  9:53  Probe  
  168  9:57  Photon Cannon  
  168  9:58  Photon Cannon  
  169  10:00  Shield Battery  
  169  10:01  Fleet Beacon, Photon Cannon, Probe  
  169  10:04  Stargate  
  169  10:06  Shield Battery  
  170  10:11  Probe x2  
  172  10:33  Photon Cannon  
  172  10:36  Photon Cannon  
  172  10:38  Photon Cannon  
  172  10:39  Protoss Ground Weapons Level 2 (Chrono Boost)  
  172  10:45  Nexus  
  172  10:47  Pylon  
  172  10:48  Protoss Air Weapons Level 1  
  172  10:50  Pylon  
  172  10:53  Cybernetics Core, Pylon  
  172  10:54  Pylon  
  172  10:56  Pylon  
  172  10:58  High Templar  
  172  10:59  High Templar  
  172  11:00  Carrier x3 (Chrono Boost)  
  176  11:41  Probe x2  
  176  11:45  Shield Battery  
  176  11:46  Shield Battery  
  178  11:49  High Templar, Photon Cannon  
  178  11:50  High Templar  
  178  11:52  Photon Cannon  
  182  11:56  Robotics Facility  
  176  12:15  Carrier x3 (Chrono Boost)  
  186  12:23  Mothership (Chrono Boost)  
  194  12:38  Assimilator, Protoss Air Armor Level 1 (Chrono Boost)  
  194  12:40  Assimilator  
  194  12:41  Protoss Air Weapons Level 2 (Chrono Boost)  
  194  12:42  Photon Cannon  
  194  12:44  Photon Cannon  
  194  12:47  Shield Battery  
  194  12:49  Observer (Chrono Boost), Pylon  
  195  12:55  Pylon  
  195  12:56  Pylon  
  195  12:57  Pylon  
  195  13:02  Observer (Chrono Boost)  
  196  13:07  Protoss Shields Level 1 (Chrono Boost)  
  196  13:15  Observer  
  196  13:22  Observer  
  197  13:34  Robotics Bay  
  197  13:43  Observer  
  198  14:04  Observer  
  199  14:18  Photon Cannon  
  199  15:10  Protoss Air Armor Level 2 (Chrono Boost)  
  199  15:12  Protoss Air Weapons Level 3 (Chrono Boost)  
  191  15:41  Carrier (Chrono Boost)  
  191  15:42  Carrier x2 (Chrono Boost)  
  175  15:55  Mothership (Chrono Boost)  
  166  16:16  Gravitic Boosters (Chrono Boost)  
  158  16:20  Robotics Facility  
  158  16:22  Robotics Facility  
  158  16:29  Pylon  
  158  16:32  High Templar  
  158  16:33  High Templar x4  
  168  16:42  Immortal (Chrono Boost)  
  172  16:51  Void Ray x3 (Chrono Boost)  
  172  16:54  Protoss Shields Level 2 (Chrono Boost)  
  184  17:04  Observer  
  184  17:52  Immortal (Chrono Boost)  
  184  17:53  Immortal (Chrono Boost)  
  193  18:01  Immortal (Chrono Boost)  
  193  18:21  Immortal (Chrono Boost)  
  197  18:50  Forge  
  197  18:56  Observer  
  195  19:05  Protoss Ground Weapons Level 3 (Chrono Boost)  
  195  19:22  Pylon  
  145  19:51  Carrier x3  
  159  19:54  Zealot  
  159  19:55  Zealot x7  
  175  20:06  Protoss Ground Armor Level 1 (Chrono Boost)  
  175  20:07  Pylon  
  175  20:11  Pylon  
  175  20:12  High Templar  
  177  20:29  Nexus  
  177  20:34  Pylon  
  177  20:35  Mothership  
  183  20:37  Pylon  
  183  20:39  Photon Cannon  
  183  20:41  Photon Cannon  
  183  20:44  Photon Cannon x2  
  183  20:46  Photon Cannon x2  
  183  20:48  Photon Cannon  
  183  20:49  Photon Cannon, Void Ray x2  
  183  20:51  Shield Battery, Pylon  
  183  20:53  Shield Battery  
  183  20:54  Immortal x2  
  183  20:55  Carrier (Chrono Boost)  
  190  20:58  Stalker x5  
  192  21:13  Photon Cannon  
  192  21:14  Photon Cannon  
  192  21:15  Photon Cannon  
  192  21:17  Photon Cannon  
  192  21:19  Photon Cannon  
  176  21:25  Void Ray x2 (Chrono Boost)  
  176  21:31  Zealot  
  176  21:32  Zealot x6  
  166  21:33  Immortal x2  
  157  21:50  Void Ray (Chrono Boost)  
  161  21:54  Immortal  
  161  21:57  Void Ray (Chrono Boost)  
  161  21:59  Tempest (Chrono Boost)  
  173  22:12  Immortal x2  
  180  22:20  Void Ray (Chrono Boost)  
  180  22:22  High Templar x6  
  178  22:28  Void Ray (Chrono Boost)  
  162  22:33  Void Ray (Chrono Boost), Immortal  
  160  22:45  Protoss Shields Level 3 (Chrono Boost)  
  160  22:50  Stargate  
  152  22:51  Void Ray (Chrono Boost), Immortal  
  152  22:52  Immortal  
  152  22:58  Void Ray  
  158  23:03  Void Ray  
  162  23:10  Nexus  
  165  23:22  Pylon  
  165  23:24  Void Ray  
  165  23:27  Protoss Ground Armor Level 2 (Chrono Boost)  
  134  23:29  High Templar  
  134  23:30  High Templar x5  
  149  23:35  Void Ray  
  149  23:40  Void Ray  
  157  23:53  Archon  
  115  24:10  Stalker  
  115  24:13  Immortal  
  115  24:14  Immortal x2  
  123  24:31  Probe (Chrono Boost)  
  123  24:32  Probe x2 (Chrono Boost)  
  123  24:33  Probe x2 (Chrono Boost)  
  128  24:44  Probe (Chrono Boost)  
  132  24:49  Probe x2 (Chrono Boost)  
  132  24:50  Photon Cannon, Void Ray, Probe (Chrono Boost)  
  132  24:52  Photon Cannon  
  132  24:53  Photon Cannon  
  132  24:56  Pylon  
  130  25:06  Pylon  
  126  25:08  Pylon  
  126  25:12  Pylon  
  126  25:16  High Templar  
  126  25:17  High Templar x3  
  126  25:18  Pylon  
  126  25:19  Nexus  
  126  25:21  Pylon  
  134  25:23  Assimilator  
  134  25:24  Pylon  
  134  25:28  Assimilator  
  134  25:29  Void Ray x3, Immortal  
  134  25:30  Immortal x2  
  149  26:19  Gateway  
  149  26:21  Gateway  
  149  26:23  Gateway  
  149  26:24  Gateway  
  147  26:27  Photon Cannon  
  147  26:28  Photon Cannon  
  147  26:30  Photon Cannon  
  147  26:32  Photon Cannon  
Show
View Real Time Build Order
Export as new Build Order

Hydropic Zerg 

Build Orders: Hatch First 

Get SALT Encoding   

  12  0:01  Drone  
  13  0:13  Overlord  
  13  0:18  Drone  
  14  0:31  Drone x2  
  16  0:50  Hatchery  
  16  0:53  Drone  
  16  0:57  Drone  
  16  1:00  Drone  
  18  1:11  Extractor  
  17  1:17  Spawning Pool  
  16  1:20  Drone  
  16  1:23  Drone  
  18  1:29  Drone  
  19  1:39  Overlord  
  19  1:52  Drone  
  20  2:04  Zergling x4, Queen x2  
  26  2:14  Drone x2  
  28  2:20  Metabolic Boost  
  28  2:24  Drone x2  
  30  2:34  Drone x2  
  32  2:45  Overlord  
  32  2:57  Hatchery  
  30  3:00  Drone x3  
  33  3:08  Drone x2  
  33  3:10  Queen  
  37  3:13  Drone x2  
  37  3:15  Drone  
  37  3:19  Overlord  
  40  3:38  Zergling x10  
  40  3:40  Drone  
  46  3:54  Drone x5  
  51  4:06  Queen  
  51  4:07  Extractor  
  51  4:09  Extractor  
  51  4:10  Drone x2  
  51  4:11  Drone  
  51  4:13  Drone  
  51  4:14  Queen  
  51  4:15  Lair  
  57  4:26  Overlord  
  57  4:29  Evolution Chamber  
  56  4:32  Evolution Chamber  
  56  4:38  Overlord  
  54  4:39  Overlord  
  54  4:44  Queen  
  57  4:45  Zergling x2  
  57  4:46  Zergling x16  
  65  4:55  Overlord x2  
  65  4:59  Zerg Ground Armor Level 1  
  65  5:02  Drone  
  65  5:03  Drone x3  
  69  5:10  Drone x2  
  69  5:12  Queen  
  73  5:17  Drone  
  73  5:18  Drone x4  
  73  5:31  Spire  
  67  5:36  Zergling x10  
  67  5:37  Zergling x8  
  67  5:41  Hydralisk Den  
  73  5:43  Drone  
  73  5:58  Drone x7, Hatchery  
  79  6:04  Infestation Pit  
  79  6:07  Zergling x14  
  79  6:09  Extractor  
  79  6:10  Extractor  
  83  6:13  Drone  
  83  6:14  Drone x2  
  83  6:17  Drone  
  87  6:22  Drone  
  87  6:24  Zerg Melee Weapons Level 1  
  82  6:48  Hydralisk  
  82  6:49  Hydralisk x9  
  92  6:58  Zergling x12  
  98  7:02  Hive  
  98  7:06  Overlord  
  98  7:11  Drone  
  98  7:12  Drone x5  
  104  7:22  Overlord  
  104  7:23  Overlord  
  104  7:30  Spire  
  104  7:32  Drone x9  
  104  7:33  Overlord  
  106  7:45  Hydralisk x3  
  106  7:46  Hydralisk x3  
  106  7:48  Extractor  
  106  7:49  Drone x3  
  106  7:50  Extractor  
  119  7:52  Drone  
  119  7:54  Drone  
  121  8:10  Drone x2  
  121  8:11  Hatchery  
  121  8:12  Drone x2  
  124  8:13  Extractor  
  124  8:14  Drone x3  
  124  8:18  Viper x2  
  132  8:23  Muscular Augments  
  132  8:25  Overseer  
  132  8:30  Overlord  
  132  8:32  Zergling x8  
  132  8:33  Overlord x2  
  132  8:34  Overlord x3  
  136  8:45  Ultralisk Cavern  
  135  8:52  Zergling x22  
  146  9:04  Corruptor  
  146  9:05  Corruptor x5  
  156  9:13  Queen  
  156  9:25  Drone x7  
  156  9:26  Drone x7  
  170  9:34  Chitinous Plating  
  170  9:38  Corruptor  
  170  9:39  Corruptor x4  
  180  9:46  Extractor  
  180  9:47  Extractor  
  180  9:49  Drone x2  
  180  9:50  Drone x2  
  180  9:52  Overlord x2  
  182  10:07  Overlord  
  182  10:11  Zerg Flyer Weapons Level 1  
  182  10:12  Spire  
  182  10:13  Corruptor x5  
  191  10:27  Viper  
  191  10:28  Corruptor  
  188  10:51  Ultralisk  
  194  11:15  Zerg Melee Weapons Level 2, Zerg Ground Armor Level 2  
  178  11:29  Ultralisk x5  
  187  11:35  Zergling x26  
  200  11:46  Overlord  
  200  12:00  Anabolic Synthesis  
  161  12:23  Corruptor x10  
  161  12:25  Overlord  
  181  12:31  Zerg Flyer Weapons Level 2  
  181  12:55  Spine Crawler  
  181  12:56  Spine Crawler  
  181  12:57  Spine Crawler, Hatchery  
  177  13:01  Spine Crawler x2  
  177  13:02  Hatchery  
  177  13:04  Spine Crawler x2  
  172  13:07  Spine Crawler  
  172  13:10  Ultralisk  
  172  13:11  Ultralisk x3  
  195  13:25  Zerg Flyer Armor Level 1  
  195  13:29  Corruptor x2  
  199  13:43  Pneumatized Carapace  
  199  14:46  Hatchery  
  199  14:51  Hatchery  
  197  14:58  Overseer x3  
  197  14:59  Overseer  
  185  15:42  Corruptor x14  
  177  15:51  Corruptor x3  
  177  15:52  Corruptor x8  
  199  16:01  Zerg Ground Armor Level 3  
  199  16:02  Zerg Melee Weapons Level 3  
  198  16:18  Corruptor  
  200  16:44  Zerg Flyer Armor Level 2  
  200  16:47  Hatchery  
  200  16:48  Zerg Flyer Weapons Level 3  
  181  19:33  Corruptor  
  181  19:34  Corruptor x14  
  177  19:42  Zergling x10, Ultralisk  
  177  19:43  Zergling x2, Ultralisk x4  
  177  19:45  Corruptor x7  
  183  19:58  Ultralisk x2  
  183  19:59  Ultralisk x2  
  183  20:07  Corruptor x5  
  192  20:25  Adrenal Glands  
  191  20:29  Overlord x2  
  191  20:45  Overlord  
  163  21:32  Ultralisk x8  
  197  21:45  Ultralisk  
  197  21:50  Spine Crawler  
  190  21:55  Spine Crawler  
  190  21:57  Spine Crawler  
  188  22:11  Spine Crawler x2  
  180  22:15  Spine Crawler  
  159  22:25  Ultralisk  
  159  22:26  Ultralisk x6  
  173  22:42  Overseer x4  
  171  22:44  Zergling x2  
  171  22:45  Zergling x50  
  171  22:46  Zergling x2  
  198  23:24  Hatchery  
  170  23:31  Corruptor x4  
  172  23:51  Corruptor  
  140  24:00  Swarm Host  
  119  24:31  Corruptor x2  
  109  24:39  Corruptor  
  81  24:49  Corruptor  
  69  24:59  Overlord  
  56  25:02  Corruptor  
  56  25:06  Zergling x40  
  56  25:07  Zergling x26  
  83  25:13  Zergling x24  
  83  25:14  Zergling x40  
  111  25:15  Zergling x6  
  111  25:16  Zergling x8  
  111  25:17  Zergling x2  
  111  25:18  Zergling x4  
  130  25:28  Corruptor  
  126  26:01  Corruptor  
Tags
 
Add a new tag
Caveats
  • Supply blocks, unpowered buildings, or Contaminate may cause inaccurate times.
  • Supply counts are checked every 10 seconds.